 Dungeon Sprint DCSS version 0.28.0-49-g6dfe1f597d (webtiles) character file.

Game seed: 3517756621521372715

1661 Revguard the Fighter (level 8, -4/75 HPs)
             Began as a Green Draconian Transmuter on May 12, 2022.
             Was a Follower of Wu Jian.
             Slain by a centaur warrior (12 damage)
             ... in the Dungeon (Sprint I: "Red Sonja").
             The game lasted 00:05:31 (1341 turns).

Revguard the Fighter (Green Draconian Transmuter)   Turns: 1341, Time: 00:05:32

Health: -4/75      AC:  6    Str: 15    XL:     8   Next: 69%
Magic:  17/18      EV: 14    Int: 14    God:    Wu Jian [*.....]
Gold:   414        SH:  0    Dex: 11    Spells: 18/21 levels left

rFire   x . .      SeeInvis .     - Unarmed
rCold   + . .      Faith    .   (no shield)
rNeg    . . .      Spirit   .   (armour unavailable)
rPois   +          Reflect  .   (helmet currently unavailable)
rElec   .          Harm     .   (no cloak)
rCorr   .          Rampage  .   (no gloves)
Will    .....      NoTele   +   (boots currently unavailable)
Stlth   ++........              (no amulet)
HPRegen 0.22/turn               i - ring of Azieckyi {Ice rPois Stlth+}
MPRegen 0.16/turn               (no ring)

@: brilliant, short of breath, appendages, wereblooded, flying
A: horns 2, talons 2, breathe noxious fumes, AC +6, unfitting armour, poison
resistance, cold-blooded
a: Breathe Noxious Fumes, End Transformation, Renounce Religion


You were in the Dungeon.
You worshipped Wu Jian.
Wu Jian was aware of your devotion.
You had temporarily grown beastly horns and talons.
You visited 1 branch You collected 558 gold pieces.
You spent 144 gold pieces at shops.

Inventory:

Jewellery
 i - the ring of Azieckyi (left hand) {Ice rPois Stlth+}
   (You bought it in a shop in the Dungeon)

   [ring of ice]

   It enhances your ice magic.
   rF:        It makes you vulnerable to fire.
   rC:        It protects you from cold.
   rPois:     It protects you from poison.
   Stlth:     It makes you more stealthy.
Wands
 g - a wand of mindburst (14)
Scrolls
 b - a scroll of vulnerability {unknown}
 f - a scroll of blinking
Potions
 a - a potion of curing
 c - a potion of haste
 d - 2 potions of magic


   Skills:
 + Level 8.4 Fighting
 + Level 7.1 Dodging
 + Level 8.3 Unarmed Combat
 + Level 7.2 Spellcasting
 + Level 7.8 Transmutations
 + Level 8.2 Invocations
 + Level 6.3 Evocations


You had 18 spell levels left.
You knew the following spells:

 Your Spells              Type           Power      Damage    Failure   Level
a - Beastly Appendage     Tmut           80%        N/A       1%          1
b - Wereblood             Tmut           40%        N/A       1%          2

Your spell library contained the following spells:

 Spells                   Type           Power      Damage    Failure   Level
 Spider Form              Tmut/Pois      24%        N/A       9%          3
 Ice Form                 Ice/Tmut       36%        N/A       28%         4


Dungeon Overview and Level Annotations

Branches:
Dungeon (1/1)

Altars:
Cheibriados
Dithmenos
Elyvilon
Fedhas
Gozag
Hepliaklqana
Kikubaaqudgha
Makhleb
Nemelex Xobeh
Okawaru
Qazlal
Ru
Sif Muna
Trog
Uskayaw
Vehumet
Wu Jian
Xom
Yredelemnul
Zin
The Shining One
Jiyva
Lugonu

Shops:
D (*


Innate Abilities, Weirdness & Mutations

You have temporarily grown beastly horns and talons.
You can breathe blasts of noxious fumes.
Your lurid green scales are hard. (AC +6)
You cannot fit into any form of body armour.
Your system is resistant to poisons. (rPois)
You are cold-blooded and may be slowed by cold attacks.


Message History

You exhale a blast of noxious fumes.
The blast of choking fumes hits the centaur warrior!
The centaur warrior is lightly wounded.
The centaur warrior unwields a +0 shortbow.
The centaur warrior closely misses you.
The centaur warrior kicks you but does no damage.
You hit the centaur warrior. You claw the centaur warrior.
You punch the centaur warrior, but do no damage.
The centaur warrior is lightly wounded.
The centaur warrior hits you! The centaur warrior kicks you.
You hit the centaur warrior.
The centaur warrior is moderately wounded.
The centaur warrior barely misses you.
The centaur warrior kicks you but does no damage.
It was a potion of brilliance.
You feel clever all of a sudden. The centaur warrior hits you!
* * * LOW HITPOINT WARNING * * *
The centaur warrior kicks you.
* * * LOW HITPOINT WARNING * * *
The centaur warrior closely misses you. The centaur warrior misses you.
It was a potion of flight.
You feel very buoyant.
You fly up into the air.
The centaur warrior hits you but does no damage.
The centaur warrior barely misses you.
Casting: Beastly Appendage (safe; 1% risk of failure)
Confirm with . or Enter, or press ? or * to list all spells.
You feel a surge of power!
Your blood is infused with primal strength.
The centaur warrior barely misses you.
The centaur warrior kicks you but does no damage.
The centaur warrior hits you!
* * * LOW HITPOINT WARNING * * *
The centaur warrior completely misses you.
You completely miss the centaur warrior.
You claw the centaur warrior.
The centaur warrior is moderately wounded.
The centaur warrior hits you!
You die...

#.)'..#..'..#__#
'.÷#).').#..+..+
#####'#####'#__####
####..#...#)####§!#
#__####..##.#≈§≈§§#
#_____##'#_.+§§§c.+
#_.∩...÷..._#≈§§c§
#_..__##_.#'##'###
#_____###'#.#)cc@#
#########.####'###
.......'...'÷....+
++++####...#######
G....# ##.##
.....G# #+# #..G..#
....G# ..#..#


You could see 2 centaur warriors.

Vanquished Creatures
  Sonja (D)
  A deep troll (D)
  A slime creature (D)
  Sigmund (D)
  A yak (D)
  An ogre (D)
  A jelly (D)
  Ijyb (D)
8 creatures vanquished.

Notes
Turn   | Place    | Note
-------+----------+-------------------------------------------
     0 | D        | Revguard the Draconian Transmuter began the quest for the
                  | Orb.
     0 | D        | Reached XP level 1. HP: 16/16 MP: 3/3
     3 | D        | Noticed Ijyb
    13 | D        | Killed Ijyb
    14 | D        | Reached XP level 2. HP: 16/25 MP: 2/5
   122 | D        | Learned a level 2 spell: Wereblood
   123 | D        | Noticed an ogre
   126 | D        | Killed an ogre
   127 | D        | Reached XP level 3. HP: 6/33 MP: 5/8
   127 | D        | Reached XP level 4. HP: 7/40 MP: 5/9
   382 | D        | Noticed Sigmund
   399 | D        | Killed Sigmund
   400 | D        | Reached skill level 5 in Fighting
   400 | D        | Reached skill level 5 in Unarmed Combat
   400 | D        | Reached skill level 5 in Transmutations
   400 | D        | Reached skill level 5 in Invocations
   400 | D        | Reached XP level 5. HP: 38/48 MP: 10/12
   422 | D        | Found a burning altar of Makhleb.
   422 | D        | Found a viscous altar of Jiyva.
   422 | D        | Found a shimmering altar of Xom.
   422 | D        | Found a corrupted altar of Lugonu.
   422 | D        | Noticed a slime creature
   431 | D        | Killed a slime creature
   432 | D        | Reached skill level 5 in Dodging
   432 | D        | Reached skill level 5 in Spellcasting
   432 | D        | Reached XP level 6. HP: 10/57 MP: 14/14
   676 | D        | Found an ornate altar of the Wu Jian Council.
   676 | D        | Found a shimmering blue altar of Sif Muna.
   679 | D        | Found a radiant altar of Vehumet.
   689 | D        | Became a worshipper of the Wu Jian Council
   693 | D        | Found Bully's Assorted Antiques.
   693 | D        | Found an ancient bone altar of Kikubaaqudgha.
   693 | D        | Found a hazy altar of Hepliaklqana.
   693 | D        | Found a stormy altar of Qazlal.
   693 | D        | Found a hide-covered altar of Uskayaw.
   693 | D        | Found a blossoming altar of Fedhas.
   693 | D        | Found a bloodstained altar of Trog.
   693 | D        | Found an iron altar of Okawaru.
   693 | D        | Found a basalt altar of Yredelemnul.
   693 | D        | Found a glowing golden altar of the Shining One.
   693 | D        | Found a snail-covered altar of Cheibriados.
   693 | D        | Found a sacrificial altar of Ru.
   693 | D        | Found a glowing silver altar of Zin.
   693 | D        | Found a shadowy altar of Dithmenos.
   693 | D        | Found a white marble altar of Elyvilon.
   693 | D        | Noticed a yak
   699 | D        | Killed a yak
   700 | D        | Your scales start taking on a lurid green colour.
   700 | D        | Reached XP level 7. HP: 46/64 MP: 15/15
   700 | D        | Gained mutation: Your system is resistant to poisons.
                  | (rPois) [Green Draconian growth]
   701 | D        | Found an opulent altar of Gozag.
   715 | D        | Found a sparkling altar of Nemelex Xobeh.
   719 | D        | Bought a scorched glass ring for 105 gold pieces
   719 | D        | Identified the ring of Azieckyi {Ice rPois Stlth+} (You
                  | bought it in a shop in the Dungeon)
   719 | D        | Bought a purple potion for 18 gold pieces
   719 | D        | Bought a scroll labelled MOUPAE DOZOA for 21 gold pieces
   746 | D        | Noticed Sonja
   766 | D        | Killed Sonja
   767 | D        | Reached skill level 5 in Evocations
   767 | D        | Reached XP level 8. HP: 21/74 MP: 15/18
  1023 | D        | Found Ysucol's Antique Weapon Boutique.
  1033 | D        | Noticed a shining eye
  1033 | D        | Noticed a shining eye
  1033 | D        | Noticed a shining eye
  1033 | D        | Noticed a shining eye
  1033 | D        | Noticed a shining eye
  1033 | D        | Noticed a shining eye
  1045 | D        | Noticed a deep troll
  1053 | D        | Killed a deep troll
  1053 | D        | Reached * piety under Wu Jian
  1329 | D        | Noticed a centaur warrior
  1330 | D        | Noticed a centaur warrior
  1341 | D        | Slain by a centaur warrior

Illustrated notes

Levels and vault maps discovered:
D:        dungeon_sprint_1 [red_sonja_temple_1, red_sonja_temple_small_1]

Skill      XL: |  1  2  3  4  5  6  7  8 |
---------------+-------------------------+-----
Fighting       | 2 4 5 6 7 8 |  8.4
Dodging        | 2 3 4 5 6 7 |  7.1
Invocations    | 2 3 5 6 7 8 |  8.2
Unarmed Combat | 4 5 6 7 8 |  8.3
Spellcasting   | 3 4 5 6 7 |  7.2
Transmutations | 4 5 6 7 |  7.8
Evocations     | 2 3 4 5 6 |  6.3

Action                   |  1- 3 |  4- 6 |  7- 9 || total
-------------------------+-------+-------+-------++-------
Melee: Unarmed           |    11 |    31 |    19 ||    61
       Kick              |     4 |     9 |     5 ||    18
       Headbutt          |     3 |     5 |     3 ||    11
       Tailslap          |     2 |     8 |     1 ||    11
       Punch             |     1 |     3 |     3 ||     7
 Cast: Beastly Appendage |     2 |     4 |     3 ||     9
       Wereblood         |       |       |     1 ||     1
Invok: Lunge             |       |       |     1 ||     1
 Abil: Breathe Noxious F |       |       |     3 ||     3
  Use: Potion            |       |       |     4 ||     4
       Scroll            |       |       |     1 ||     1
 Stab: Sleeping          |     1 |       |       ||     1
       Confused          |       |       |     4 ||     4
Armor: Skin              |     1 |     4 |     9 ||    14
Dodge: Dodged            |     3 |    11 |    29 ||    43
